 Dungeon Crawl Stone Soup version 0.28-a0-245-g639a1a48b9 (webtiles) character file.

Game seed: 3529051640598783585

5668 Colgate the Cleaver (level 10, -7/80 HPs)
             Began as a Demonspawn Berserker on Aug 25, 2021.
             Was an Elder of Trog.
             Mangled by Erolcha (26 damage)
             ... on level 9 of the Dungeon.
             The game lasted 00:13:18 (8607 turns).

Colgate the Cleaver (Demonspawn Berserker)          Turns: 8607, Time: 00:13:19

Health: -7/80      AC: 21    Str: 29    XL:     10   Next: 47%
Magic:  10/10      EV: 10    Int:  9    God:    Trog [****..]
Gold:   302        SH:  4    Dex: 12    Spells: 9/9 levels left

rFire   + + .      SeeInvis .   Y - +0 battleaxe
rCold   . . .      Faith    .   (shield currently unavailable)
rNeg    . . .      Spirit   .   o - +1 chain mail of Woug {rF++ Str+8}
rPois   +          Reflect  .   (no helmet)
rElec   .          Harm     .   c - +0 cloak
rCorr   +          Rampage  .   (no gloves)
Will    ++...                   f - +0 pair of boots
Stlth   ..........              (no amulet)
HPRegen 1.23/turn               a - +4 ring of protection
MPRegen 0.12/turn               l - ring of poison resistance

@: strong-willed (expiring), regenerating (expiring)
A: yellow scales 3, foul stench 1, condensation shield
a: Renounce Religion, Berserk, Trog's Hand, Brothers in Arms


You were on level 9 of the Dungeon.
You worshipped Trog.
Trog was greatly pleased with you.
You visited 1 branch of the dungeon, and saw 9 of its levels.

You collected 351 gold pieces.
You spent 49 gold pieces at shops.


Innate Abilities, Weirdness & Mutations

You are completely covered in yellow scales. (AC +4, rCorr)
You may rarely emit foul miasma when damaged in melee.
A meltable shield of frost defends you. (SH +4)


   Skills:
 - Level 8.0 Fighting
 + Level 11.2 Axes
 - Level 5.2 Armour
 - Level 4.3 Dodging


You had 9 spell levels left.
You didn't know any spells.
Your spell library was empty.

Inventory:

Hand Weapons
 q - a +2 flail of draining
 Y - a +0 battleaxe (weapon)
Missiles
 p - 2 javelins
Armour
 c - a +0 cloak (worn)
 f - a +0 pair of boots (worn)
 o - the +1 chain mail of Woug (worn) {rF++ Str+8}
   (You found it on level 7 of the Dungeon)

   Str:       It affects your strength (+8).
   rF:        It greatly protects you from fire.
Jewellery
 a - a +4 ring of protection (left hand)
 l - a ring of poison resistance (right hand)
 m - a +4 ring of protection
Wands
 n - a wand of iceblast (10)
Scrolls
 b - 7 scrolls of teleportation
 j - a scroll of identify
Potions
 d - a potion of mutation
 e - a potion of might
 g - 2 potions of heal wounds {unknown}
 i - 4 potions of curing

Dungeon Overview and Level Annotations

Branches:
Dungeon (9/15)             Temple (0/1) D:5
   Lair: D:8-11         Orc: D:9-12

Altars:
Ashenzari
Fedhas
Gozag
Kikubaaqudgha
Ru
Xom
Yredelemnul
The Shining One

Shops:
D:1 :   D:4 [

Annotations:
D:5 3 runed translucent doors, feta's ghost, novice DjFE
D:9 Erolcha


Message History

b - 7 scrolls of teleportation (gained 1)
You recover from your berserk rage.
You now have 302 gold pieces (gained 7).
You open the door.
There is an open door here.
Erolcha the Cunning comes into view.
She is wielding a +0 giant club.
Erolcha shouts!
8592 ||| INVOKING Trog's Hand.
Your skin crawls.
You feel strong-willed.
Erolcha gestures wildly while chanting.
Erolcha flickers and vanishes!
Deactivating autopickup; reactivate with Ctrl-A.
You swing at nothing.
You swing at nothing.
You hit something. Something hits you! Something hits you but does no damage.
You barely miss something. Something hits you!!
You closely miss something. Something hits you!!
You slice something!! Something hits you but does no damage.
You closely miss something.
You hear some strange, mumbled words.
Something tries to affect you, but you resist.
You slash something! Something hits you!!
You miss something.
You hear some strange, mumbled words.
You swing at nothing.
You swing at nothing.
You hear some strange, mumbled words.
You swing at nothing.
You swing at nothing.
You hit something but do no damage.
You feel the effects of Trog's Hand fading.
Something hits you.
You closely miss something. Something hits you!!
You die...

#.........####
#.........#
########.##
###.# #...# ##
#'##### ..
#.....#
#.#.###.#
#..@# #####


There were no monsters in sight!

Vanquished Creatures
  3 two-headed ogres
  Joseph (D:9)
  A hornet (D:7)
  Edmund (D:4)
  A steam dragon (D:7)
  2 water moccasins
  2 ice beasts
  A sky beast (D:5)
  A necrophage (D:7)
  3 orc warriors
  3 ogres
  3 centaurs
  A phantom (D:4)
  2 kobold brigands (D:8)
  3 bullfrogs
  A scorpion (D:5)
  2 vampire bats (D:5)
  5 wights (D:8)
  6 electric eels (D:7)
  A centaur zombie (D:5)
  A jelly (D:6)
  3 orc priests
  A bullfrog skeleton (D:6)
  4 hounds
  A centaur skeleton (D:7)
  A scorpion zombie (D:5)
  6 orc wizards
  A killer bee zombie (D:7)
  A howler monkey skeleton (D:7)
  4 gnolls (D:4)
  6 adders
  A shadow imp (D:8)
  An ufetubus (D:5)
  21 orcs
  4 bat skeletons (D:5)
  A bat zombie (D:5)
  5 endoplasms
  3 giant cockroaches
  A goblin (D:3)
  9 hobgoblins
  3 quokkas
  5 ball pythons
  6 bats
  3 frilled lizards
  14 kobolds
  3 rats
152 creatures vanquished.

Vanquished Creatures (others)
  5 plants (D:7)
5 creatures vanquished.

Grand Total: 157 creatures vanquished

Notes
Turn   | Place    | Note
-------+----------+-------------------------------------------
     0 | D:1      | Colgate the Demonspawn Berserker began the quest for the
                  | Orb.
     0 | D:1      | Reached XP level 1. HP: 18/18 MP: 1/1
     0 | D:1      | 0 ||| counter = 85
   210 | D:1      | Found Lytys's Book Emporium.
   254 | D:1      | Reached skill level 3 in Axes
   723 | D:1      | 723 ||| UPGRADING to +0 ring mail.
   733 | D:1      | 733 ||| DROPPING +0 animal skin.
   734 | D:1      | 734 ||| READING 2 scrolls labelled HUHERCH RAHU.
   735 | D:1      | 735 ||| READING scroll of enchant weapon.
   735 | D:1      | 735 ||| ENCHANTING +1 hand axe.
   736 | D:1      | 736 ||| READING scroll labelled ANKADI XIRAONTOS.
   761 | D:2      | 761 ||| INVOKING Berserk.
   918 | D:2      | 918 ||| INVOKING Berserk.
   919 | D:2      | 919 ||| INVOKING Berserk.
   922 | D:2      | HP: 6/27 [poisoned by an adder]
   923 | D:2      | Gained mutation: You are partially covered in yellow
                  | scales. (AC +2) [demonic ancestry]
   923 | D:2      | Reached XP level 2. HP: 8/24 MP: 2/2
   927 | D:2      | HP: 2/24 [poisoned by an adder]
  1383 | D:2      | 1383 ||| READING scroll of enchant weapon.
  1383 | D:2      | 1383 ||| ENCHANTING +2 hand axe.
  1431 | D:2      | Reached XP level 3. HP: 29/29 MP: 3/3
  1666 | D:2      | Reached skill level 4 in Axes
  1844 | D:2      | 1844 ||| UPGRADING to +4 ring of protection.
  1845 | D:2      | 1845 ||| READING 2 scrolls labelled WOEZ BATIUD.
  1850 | D:2      | 1850 ||| READING scroll labelled GIOKHU SOPTUNN.
  2501 | D:3      | Found a shimmering altar of Xom.
  2890 | D:3      | 2890 ||| INVOKING Berserk.
  2893 | D:3      | Gained mutation: You are mostly covered in yellow scales.
                  | (AC +3) [demonic ancestry]
  2893 | D:3      | Reached XP level 4. HP: 35/35 MP: 4/4
  2926 | D:3      | 2926 ||| SWAPPING to +2 hand axe of electrocution.
  2927 | D:3      | 2927 ||| DROPPING +3 hand axe.
  3105 | D:3      | 3105 ||| UPGRADING to +0 pair of boots.
  3110 | D:3      | 3110 ||| UPGRADING to ring of poison resistance.
  3111 | D:3      | 3111 ||| DRINKING 2 murky dark potions.
  3112 | D:3      | 3112 ||| READING 2 scrolls of identify.
  3112 | D:3      | 3112 ||| IDENTIFYING viscous amethyst potion
  3113 | D:3      | 3113 ||| DROPPING potion of attraction.
  3187 | D:4      | Reached skill level 5 in Axes
  3187 | D:4      | Reached ** piety under Trog
  3254 | D:4      | Gained mutation: You may rarely emit foul miasma when
                  | damaged in melee. [demonic ancestry]
  3254 | D:4      | Reached XP level 5. HP: 38/41 MP: 5/5
  3391 | D:4      | 3391 ||| DROPPING +0 whip.
  3455 | D:4      | Found Dousch's Armour Emporium.
  3462 | D:4      | 3462 ||| BUYING +0 chain mail (49 gold).
  3462 | D:4      | Bought a +0 chain mail for 49 gold pieces
  3462 | D:4      | 3462 ||| SHOPLISTING +0 plate armour (253 gold, have 65).
  3462 | D:4      | 3462 ||| SHOPLISTING +2 plate armour of fire resistance
                  | (440 gold, have 65).
  3462 | D:4      | 3462 ||| SHOPLISTING +8 orange crystal plate armour
                  | {Archmagi, Int+3 Clar} (1589 gold, have 65).
  3462 | D:4      | 3462 ||| SHOPLISTING quicksilver dragon scales (660 gold,
                  | have 65).
  3514 | D:4      | Noticed Edmund
  3520 | D:4      | 3520 ||| INVOKING Berserk.
  3525 | D:4      | Killed Edmund
  3526 | D:4      | Reached skill level 6 in Axes
  3526 | D:4      | Gained mutation: You are completely covered in yellow
                  | scales. (AC +4, rCorr) [demonic ancestry]
  3526 | D:4      | Reached XP level 6. HP: 47/47 MP: 6/6
  3565 | D:4      | 3565 ||| DROPPING +0 flail.
  3755 | D:4      | Found a blossoming altar of Fedhas.
  3877 | D:4      | 3877 ||| STAIRDANCE
  3904 | D:3      | 3904 ||| UPGRADING to +0 chain mail.
  3914 | D:3      | 3914 ||| DROPPING +0 ring mail.
  3915 | D:3      | 3915 ||| READING scroll labelled ILLEFRU CUXIO.
  3916 | D:3      | 3916 ||| READING scroll labelled PYETAAWN ZIUNE.
  4030 | D:5      | Entered Level 5 of the Dungeon
  4095 | D:5      | Noticed a sky beast
  4116 | D:5      | Killed a sky beast
  4117 | D:5      | Reached XP level 7. HP: 48/54 MP: 7/7
  4231 | D:5      | Reached skill level 7 in Axes
  4363 | D:5      | Found a staircase to the Ecumenical Temple.
  4419 | D:5      | Found a runed translucent gate.
  4419 | D:5      | Found a runed translucent gate.
  4419 | D:5      | Found a runed translucent gate.
  4419 | D:5      | Noticed feta's ghost (novice DjFE)
  4422 | D:5      | 4422 ||| UPGRADING to +3 chain mail.
  4434 | D:5      | 4434 ||| UPGRADING to +0 chain mail.
  4439 | D:5      | 4439 ||| UPGRADING to +3 chain mail.
  4449 | D:5      | 4449 ||| DROPPING +0 chain mail.
  4450 | D:5      | Found a basalt altar of Yredelemnul.
  4711 | D:5      | 4711 ||| INVOKING Berserk.
  4715 | D:5      | Reached skill level 8 in Axes
  4861 | D:5      | Reached XP level 8. HP: 60/60 MP: 8/8
  4880 | D:5      | Found an ancient bone altar of Kikubaaqudgha.
  4988 | D:5      | 4988 ||| READING scroll labelled ODWYENASEI.
  5026 | D:5      | 5026 ||| READING scroll labelled KANKYM NORU.
  5027 | D:5      | 5027 ||| READING 2 scrolls of identify.
  5027 | D:5      | 5027 ||| IDENTIFYING viscous blue potion
  5028 | D:5      | 5028 ||| DROPPING potion of degeneration.
  5364 | D:6      | 5364 ||| INVOKING Berserk.
  5423 | D:6      | Found an opulent altar of Gozag.
  5543 | D:6      | 5543 ||| UPGRADING to +0 cloak.
  5548 | D:6      | 5548 ||| READING 2 scrolls labelled BONUIB ETEM.
  5549 | D:6      | 5549 ||| READING 2 scrolls of identify.
  5549 | D:6      | 5549 ||| IDENTIFYING silvery potion
  5550 | D:6      | 5550 ||| DROPPING scroll of vulnerability.
  5627 | D:7      | 5627 ||| INVOKING Berserk.
  5631 | D:7      | Reached *** piety under Trog
  5633 | D:7      | Reached skill level 3 in Armour
  5634 | D:7      | Reached skill level 9 in Axes
  5678 | D:7      | 5678 ||| SWAPPING to +0 battleaxe.
  5679 | D:7      | 5679 ||| DROPPING +2 hand axe of electrocution.
  5686 | D:7      | Found a broken altar of Ashenzari.
  5701 | D:7      | Reached skill level 6 in Fighting
  5984 | D:7      | Gained mutation: A meltable shield of frost defends you.
                  | (SH +4) [demonic ancestry]
  5984 | D:7      | Reached XP level 9. HP: 51/69 MP: 9/9
  5989 | D:7      | 5989 ||| STAIRDANCE
  6107 | D:6      | 6107 ||| UPGRADING to +4 ring of protection.
  6109 | D:6      | 6109 ||| READING scroll labelled DIVIAF BUHUNWU.
  6110 | D:6      | 6110 ||| READING 2 scrolls of identify.
  6110 | D:6      | 6110 ||| IDENTIFYING blue potion
  6111 | D:6      | 6111 ||| DROPPING potion of flight.
  6143 | D:7      | 6143 ||| INVOKING Berserk.
  6150 | D:7      | Reached skill level 10 in Axes
  6505 | D:7      | 6505 ||| INVOKING Berserk.
  6546 | D:7      | 6546 ||| Stepping ~*~*~tactically~*~*~ (water).
  6702 | D:7      | Noticed a two-headed ogre
  6707 | D:7      | 6707 ||| INVOKING Berserk.
  6712 | D:7      | Killed a two-headed ogre
  6757 | D:7      | 6757 ||| INVOKING Berserk.
  6996 | D:7      | 6996 ||| INVOKING Berserk.
  7139 | D:7      | Identified the +1 chain mail of Woug {rF++ Str+8}
  7246 | D:7      | 7246 ||| UPGRADING to +0 plate armour.
  7256 | D:7      | 7256 ||| DROPPING +3 chain mail.
  7257 | D:7      | 7257 ||| UPGRADING to +1 chain mail of Woug {rF++ Str+8}.
  7267 | D:7      | 7267 ||| DROPPING +0 plate armour.
  7268 | D:7      | 7268 ||| READING scroll labelled HEZONL DORESK.
  7269 | D:7      | 7269 ||| READING 2 scrolls of identify.
  7269 | D:7      | 7269 ||| IDENTIFYING sedimented amethyst potion
  7270 | D:7      | 7270 ||| DROPPING potion of brilliance.
  7374 | D:8      | Found a sacrificial altar of Ru.
  7400 | D:8      | Noticed a two-headed ogre
  7403 | D:8      | 7403 ||| INVOKING Berserk.
  7408 | D:8      | Killed a two-headed ogre
  7409 | D:8      | Reached XP level 10. HP: 80/80 MP: 10/10
  8163 | D:8      | 8163 ||| READING 2 scrolls of identify.
  8163 | D:8      | 8163 ||| IDENTIFYING sapphire potion
  8177 | D:9      | Noticed a two-headed ogre
  8181 | D:9      | 8181 ||| INVOKING Berserk.
  8184 | D:9      | Killed a two-headed ogre
  8185 | D:9      | Reached skill level 11 in Axes
  8188 | D:9      | 8188 ||| STAIRDANCE
  8255 | D:9      | 8255 ||| INVOKING Berserk.
  8259 | D:9      | Reached **** piety under Trog
  8382 | D:9      | Noticed Joseph
  8390 | D:9      | Killed Joseph
  8518 | D:9      | 8518 ||| INVOKING Berserk.
  8591 | D:9      | Noticed Erolcha
  8592 | D:9      | 8592 ||| INVOKING Trog's Hand.
  8600 | D:9      | HP: 10/80 [something (18)]
  8606 | D:9      | HP: 17/80 [something (1)]
  8607 | D:9      | Mangled by Erolcha

Levels and vault maps discovered:
D:1:      roderic_chinese_lattice_arrival, layout_rooms, serial_shops,
          nicolae_shop_waterfront
D:2:      layout_loops_ring, minmay_misc_feat_encased
D:3:      layout_basic, general_overflow_altar, minmay_misc_feat_nine_boxes
D:4:      layout_cave_pools, fedhas_altar_1, serial_shops, shop_statue,
          minmay_unequal, uniq_edmund
D:5:      layout_loops_ring, tso_metal_star, kennysheep_vampire_church,
          nicolae_yredelemnul_ghost_church, minmay_temple_entry_statues_pillars,
          hangedman_decor_slide_cut
D:6:      layout_basic, nicolae_gozag_seed_capital, item_on_display_b
D:7:      cheibrodos_two_vegetables, layout_basic, ashenzari_altar_1,
          eino_curves_03, kennysheep_generic_room_5
D:8:      layout_basic, nicolae_ru_great_annihilating_truth,
          hellmonk_bongcloud_opening
D:9:      layout_roguey, uniq_erolcha, uniq_joseph

Skill      XL: |  1  2  3  4  5  6  7  8  9 10 |
---------------+-------------------------------+-----
Axes           | 3 4 5 6 8 9 10 11 | 11.2
Armour         | 2 3 4 5 |  5.2
Fighting       | 4 6 8 |  8.0
Dodging        | 2 4 |  4.3

Action                   |  1- 3 |  4- 6 |  7- 9 | 10-12 || total
-------------------------+-------+-------+-------+-------++-------
Melee: Hand axe          |    97 |    94 |   121 |       ||   312
       Battleaxe         |       |       |    84 |    94 ||   178
Invok: Berserk           |     3 |     1 |     9 |     3 ||    16
       Trog's Hand       |       |       |       |     1 ||     1
  Use: Scroll            |     6 |     3 |     9 |     1 ||    19
       Potion            |       |     1 |       |       ||     1
Armor: Animal skin       |     6 |       |       |       ||     6
       Ring mail         |    26 |    12 |       |       ||    38
       Chain mail        |       |    24 |   132 |    45 ||   201
       Skin              |       |       |     6 |       ||     6
Dodge: Dodged            |    40 |    41 |   102 |    31 ||   214
Block: Other             |       |       |     5 |    11 ||    16

Table legend:
 A = Non-vault XP
 B = Vault XP
 C = Vault XP percentage of total XP
 D = Non-vault monster count
 E = Vault monster count
 F = Vault count percentage of total count
                 A         B        C        D         E       F
            +---------+---------+-------+---------+---------+-------
      Total |    5363 |    2735 |  33.8 |     123 |      29 |  19.1
            +---------+---------+-------+---------+---------+-------
        D:1 |       9 |       0 |   0.0 |       6 |       0 |   0.0
        D:2 |      45 |       0 |   0.0 |      13 |       0 |   0.0
        D:3 |      86 |       0 |   0.0 |      20 |       0 |   0.0
        D:4 |     126 |     323 |  71.9 |      13 |       5 |  27.8
        D:5 |     748 |     209 |  21.8 |      17 |       9 |  34.6
        D:6 |     531 |       0 |   0.0 |       6 |       0 |   0.0
        D:7 |    1102 |    1691 |  60.5 |      14 |      10 |  41.7
        D:8 |    1569 |      52 |   3.2 |      25 |       4 |  13.8
        D:9 |    1147 |     460 |  28.6 |       9 |       1 |  10.0
            +---------+---------+-------+---------+---------+-------
